 Dungeon Crawl Stone Soup version 0.31-a0-818-ge7c7cf74f0 (webtiles) character file.

Game seed: 8983691472662316487

71 Essalna the Conjurer (level 4, -2/30 HPs)
             Began as a Demonspawn Conjurer on Sept 23, 2023.
             Slain by an orc
             ... wielding a +0 club
              (5 damage)
             ... on level 3 of the Dungeon.
             The game lasted 00:02:54 (1995 turns).

Essalna the Conjurer (Demonspawn Conjurer)          Turns: 1995, Time: 00:02:54

Health: -2/30      AC:  2    Str:  7    XL:     4   Next: 5%
Magic:  5/8        EV: 12    Int: 21    God:
Gold:   155        SH:  0    Dex: 12    Spells: 6/9 levels left

rFire   . . .        g - +2 dagger (pain)
rCold   . . .        (no shield)
rNeg    . . .        a - +0 robe
rPois   .            (no helmet)
rElec   .            (no cloak)
rCorr   .            (no gloves)
SInv    .            (no boots)
Will    .....        (no amulet)
Stlth   ++           (no ring)
HPRegen 0.25/turn    (no ring)
MPRegen 0.22/turn

%: no passive effects
@: no status effects
A: powered by pain 1, magic regeneration
a: no special abilities


You were on level 3 of the Dungeon.
You visited 1 branch of the dungeon, and saw 3 of its levels.

You collected 155 gold pieces.

Inventory:

Hand Weapons
 d - a +0 dagger
 g - a +2 dagger of pain (weapon)
Armour
 a - a +0 robe (worn)
Scrolls
 c - 2 scrolls of identify {unknown}
 e - 2 scrolls of immolation {unknown}
 f - a scroll of teleportation {unknown}
 i - 2 scrolls of revelation {unknown}
Potions
 b - a potion of magic
 h - a potion of might {unknown}


   Skills:
 - Level 1.7 Dodging
 - Level 1.7 Stealth
 + Level 3.2 Spellcasting
 + Level 4.9 Conjurations


You had 6 spell levels left.
You knew the following spells:

 Your Spells              Type           Power      Damage    Failure   Level
a - Magic Dart            Conj           92%        1d7       1%          1
b - Searing Ray           Conj           46%        2d6       2%          2

Your spell library contained the following spells:

 Spells                   Type           Power      Damage    Failure   Level
 Dazzling Flash           Conj/Hex       26%        N/A       14%         3
 Ensorcelled Hibernation  Hex/Ice        6%         N/A       21%         2
 Passwall                 Tmut/Erth      2%         N/A       21%         2
 Swiftness                Air            3%         N/A       36%         3
 Fulminant Prism          Conj/Hex       6%         3d7       43%         4
 Iskenderun's Mystic Bla  Conj/Tloc      13%        2d5       43%         4


Dungeon Overview and Level Annotations

Branches:
Dungeon (3/15)

Altars:

Shops:
D:1 *


Innate Abilities, Weirdness & Mutations

You sometimes gain a little power by taking damage.
You regenerate magic rapidly.


Message History

The magic dart hits the orc.
You kill the orc!
An orc comes into view. It is wielding a +0 club.
The magic dart hits the orc.
The orc is lightly wounded.
You are out of magic!
You are out of magic!
You are out of magic!
You are out of magic!
You are out of magic!
The orc hits you with a +0 club.
You see here a +0 long sword.
You closely miss the orc.
The orc is lightly wounded.
The orc hits you with a +0 club.
You hit the orc.
The orc is heavily wounded.
The orc hits you with a +0 club. The orc barely misses you.
The orc hits you but does no damage. The orc hits you with a +0 club.
The orc hits you with a +0 club. The orc hits you with a +0 club.
The orc hits you but does no damage. The orc hits you with a +0 club.
The orc hits you with a +0 club. The orc closely misses you.
The orc completely misses you. The orc completely misses you.
The orc hits you with a +0 club.
* * * LOW HITPOINT WARNING * * *
The orc hits you with a +0 club.
* * * LOW HITPOINT WARNING * * *
The orc hits you with a +0 club.
* * * LOW HITPOINT WARNING * * *
The orc closely misses you. The orc barely misses you.
The orc barely misses you. The orc hits you with a +0 club.
You die...

........#..#..##..#.###
..........##(.###.....#
........####..##..#......
........# #..##.######..
........# #.....##
##.....## #......#
#......# ..#......#
#.†..).@.# ##....)o...#
##..)...#.# #......#...
#......# ### #.....###
....... ###...#


You could see an orc.

Vanquished Creatures
  Robin (D:2)
  3 orcs (D:3)
  2 ball pythons (D:1)
  4 bats
  5 endoplasms
  3 giant cockroaches
  15 goblins
  4 hobgoblins
  4 jackals
  A kobold (D:1)
  A quokka (D:2)
  A frilled lizard (D:1)
  5 rats
49 creatures vanquished.

Notes
Turn   | Place    | Note
-------+----------+-------------------------------------------
     0 | D:1      | Essalna the Demonspawn Conjurer began the quest for the
                  | Orb.
     0 | D:1      | Reached XP level 1. HP: 13/13 MP: 3/3
   426 | D:1      | Gained mutation: You regenerate magic rapidly. [demonic
                  | ancestry]
   426 | D:1      | Reached XP level 2. HP: 19/19 MP: 1/5
   490 | D:1      | Found Qeawez's Assorted Antiques.
   550 | D:1      | Found a faded altar of an unknown god.
  1252 | D:2      | Reached XP level 3. HP: 24/24 MP: 0/7
  1325 | D:2      | Noticed Robin
  1345 | D:2      | Killed Robin
  1674 | D:2      | Learned a level 2 spell: Searing Ray
  1970 | D:3      | Gained mutation: You sometimes gain a little power by
                  | taking damage. [demonic ancestry]
  1970 | D:3      | Reached XP level 4. HP: 30/30 MP: 3/8
  1995 | D:3      | Slain by an orc

Illustrated notes

Levels and vault maps discovered:
D:1:      dpeg_arrival_arbitrary_b, layout_loops_corners, serial_shops, shop,
          shapermc_ecumenical_altar_pompeii, grunt_decor_junction,
          minmay_cut_off
D:2:      layout_loops_cross, uniq_robin
D:3:      layout_rooms, worldfamousw_hep_ancestral_shrine,
          kennysheep_generic_room_8

Skill      XL: |  1  2  3 |
---------------+----------+-----
Spellcasting   | 3 |  3.2
Dodging        | |  1.7
Stealth        | |  1.7
Conjurations   | |  4.9

Action                     |  1- 3 |  4- 6 || total
---------------------------+-------+-------++-------
  Melee: Dagger            |    25 |     2 ||    27
   Cast: Magic Dart        |    82 |     3 ||    85
 Armour: Robe              |    18 |    14 ||    32
  Dodge: Dodged            |    13 |     7 ||    20

Table legend: (Time is in decaauts)
 A = Elapsed time spent in this place.
 B = Non-inter-level travel time spent in this place.
 C = Inter-level travel time spent in this place.
 D = Time resting spent in this place.
 E = Time spent auto-exploring this place.
 F = Levels seen in this place.
 G = Mean time per level.
                   A        B        C        D        E       F      G
               +--------+--------+--------+--------+--------+-----+--------+
         Total |   1993 |   1942 |     51 |      0 |   1683 |   3 |  664.3 |
       Dungeon |   1993 |   1942 |     51 |      0 |   1683 |   3 |  664.3 |
               +--------+--------+--------+--------+--------+-----+--------+

Top non-repeatable levels by time:
     D:1: 1076 daAuts
     D:2: 853 daAuts
     D:3: 63 daAuts
